 Dungeon Crawl Stone Soup version 0.18-a0-1418-ga86aa8f (webtiles) character file.

1894 gorblad the Skirmisher (level 8, -2/65 HPs)
             Began as a Demonspawn Fighter on Feb 26, 2016.
             Was a Believer of Trog.
             Slain by Joseph
             ... wielding a +1 quarterstaff of draining
              (3 damage)
             ... on level 7 of the Dungeon.
             The game lasted 00:41:48 (6129 turns).

gorblad the Skirmisher (Demonspawn Fighter)         Turns: 6129, Time: 00:41:59

Health: -2/65      AC: 11    Str: 25    XL:     8   Next: 93%
Magic:  0/8        EV:  8    Int:  7    God:    Trog [**....]
Gold:   263        SH: 10    Dex: 14    Spells: 0 memorised, 7 levels left

rFire  + . .     SeeInvis +     a - +1 long sword
rCold  . . .     Gourm    .     b - +1 scale mail
rNeg   . . .     Faith    .     c - +0 shield
rPois  .         Spirit   +     g - +2 hat
rElec  .         Dismiss  .     (no cloak)
rCorr  .         Reflect  .     (no gloves)
SustAt .         Harm     .     (no boots)
MR     .....                    q - amulet of guardian spirit
Stlth  ..........               d - ring of protection from fire
                                l - ring of see invisible

@: mighty, heavily drained, not resistant to hostile enchantments, extremely
unstealthy
A: hooves 2, yellow scales 1, agile 1, dopey 1, powered by pain 1, spiny 1, no
device heal 1
a: Berserk, Trog's Hand, Burn Spellbooks, Renounce Religion


You were on level 7 of the Dungeon.
You worshipped Trog.
Trog was pleased with you.
You were not hungry.

You visited 2 branches of the dungeon, and saw 8 of its levels.

You collected 263 gold pieces.

Inventory:

Hand Weapons
 a - a +1 long sword (weapon)
Armour
 b - a +1 scale mail (worn)
 c - a +0 shield (worn)
 g - a +2 hat (worn)
Jewellery
 d - a ring of protection from fire (right hand)
 e - an uncursed ring of positive energy
 h - an uncursed ring of stealth
 l - a ring of see invisible (left hand)
 q - an amulet of guardian spirit (around neck)
 v - an uncursed ring of flight
Wands
 k - a wand of paralysis (24/24)
 t - a wand of iceblast (11/15)
 x - a wand of iceblast (1/15)
Scrolls
 o - a scroll of teleportation
 r - a scroll of remove curse
 w - a scroll of identify
Potions
 i - 3 potions of brilliance
 j - a potion of flight
 m - 2 potions of magic {unknown}
 n - a potion of agility {unknown}
 u - 2 potions of ambrosia {unknown}
 z - a potion of curing {unknown}
Comestibles
 f - 2 beef jerkies
 p - 2 meat rations
 s - a bread ration


   Skills:
 * Level 6.3(4.3) Fighting
 * Level 5.7(3.7) Long Blades
 + Level 5.0(3.1) Armour
 + Level 3.4(1.5) Dodging
 + Level 1.5(0.0) Stealth
 + Level 5.2(3.3) Shields


You had 7 spell levels left.
You didn't know any spells.

Dungeon Overview and Level Annotations

Branches:
Dungeon (7/15)             Temple (1/1) D:5

Altars:
Ashenzari
Cheibriados
Dithmenos
Elyvilon
Fedhas
Gozag
Kikubaaqudgha
Makhleb
Nemelex Xobeh
Okawaru
Pakellas
Qazlal
Ru
Sif Muna
Trog
Xom
Yredelemnul
Zin
The Shining One

Annotations:
D:7 Joseph


Innate Abilities, Weirdness & Mutations

You have hoof-like feet.
You are partially covered in yellow scales (AC +2).
You sometimes gain a little power by taking damage.
You are partially covered in sharp spines.
You are agile. (Dex +2)
You are dopey. (Int -2)
Potions and wands are less effective at restoring your health.


Message History

Joseph hits you but does no damage.
You feel drained.
You hear a shout!
You closely miss Joseph. You kick Joseph, but do no damage.
Joseph is moderately wounded.
You block Joseph's attack.
A centaur comes into view.
You hit Joseph but do no damage.
Joseph is moderately wounded.
Joseph is struck by your spines. Joseph closely misses you.
You barely miss Joseph.
Joseph is moderately wounded.
Joseph is struck by your spines. Joseph closely misses you.
You slash Joseph! You kick Joseph, but do no damage.
Joseph is heavily wounded.
Joseph hits you with an uncursed quarterstaff of draining!
* * * LOW HITPOINT WARNING * * *
You focus on the pain.
You feel very mighty all of a sudden.
You feel drained.
You die...

# #. .. #. #.. ##.
... ..####### ..
#......#
###.#c##......#####
.....h@@......'..>#
.###..##(.....###.#
#. ##'##### #.# #
#.# #####.### #.#
#.......#
.##.###.###.#.#
.......))<#.#.#
.##.###)#.#.# # #.#
#)#.#.#


You could see Joseph, a centaur and a howler monkey.

Vanquished Creatures
  Grinder (D:3)
  A human (D:5)
  A hippogriff (D:6)
  Duvessa (D:5)
  2 sky beasts (D:5)
  An ogre (D:4)
  A phantom (D:5)
  A centaur (D:3)
  A giant frog (D:6)
  Dowan (D:5)
  A gnoll sergeant (D:7)
  A scorpion (D:4)
  2 howler monkeys (D:7)
  3 crimson imps
  An orc priest (D:5)
  3 orc wizards
  An iguana (D:5)
  5 worker ants
  4 gnolls (D:7)
  6 adders
  4 worms
  A dart slug (D:4)
  8 giant geckos
  14 orcs
  2 bats
  4 giant cockroaches
  3 goblins (D:1)
  9 hobgoblins
  4 jackals (D:1)
  4 quokkas
  3 ball pythons
  3 giant newts
  A jackal skeleton (D:5)
  14 kobolds
  6 rats
  A bush (D:3)
  A plant (D:3)
120 creatures vanquished.

Vanquished Creatures (others)
  A plant (D:3)
1 creature vanquished.

Grand Total: 121 creatures vanquished

Notes
Turn   | Place    | Note
--------------------------------------------------------------
     0 | D:1      | gorblad the Demonspawn Fighter began the quest for the Orb.
     0 | D:1      | Reached XP level 1. HP: 18/18 MP: 1/1
   137 | D:1      | Gained mutation: You have large cloven feet. [demonic ancestry]
   137 | D:1      | Reached XP level 2. HP: 24/24 MP: 2/2
   658 | D:2      | Found an oddly glowing altar of Pakellas.
   796 | D:2      | Gained mutation: You are partially covered in yellow scales (AC +2). [demonic ancestry]
   796 | D:2      | Reached XP level 3. HP: 21/29 MP: 3/3
  1351 | D:2      | Found a bloodstained altar of Trog.
  1368 | D:2      | Became a worshipper of Trog the Wrathful
  1730 | D:3      | Noticed a centaur
  1741 | D:3      | Killed a centaur
  1741 | D:3      | Reached skill level 1 in Dodging
  1741 | D:3      | Reached XP level 4. HP: 3/37 MP: 4/4
  2228 | D:3      | Gained mutation: You sometimes gain a little power by taking damage. [demonic ancestry]
  2228 | D:3      | Reached XP level 5. HP: 39/42 MP: 5/5
  2290 | D:3      | Reached skill level 4 in Fighting
  2390 | D:3      | Reached * piety under Trog
  2611 | D:3      | Found a glowing silver altar of Zin.
  2674 | D:3      | Noticed Grinder
  2680 | D:3      | Paralysed by Grinder for 2 turns
  2696 | D:3      | Killed Grinder
  2696 | D:3      | Gained mutation: You are partially covered in sharp spines. [demonic ancestry]
  2696 | D:3      | Reached XP level 6. HP: 28/49 MP: 6/6
  3124 | D:3      | Gained mutation: You are agile. (Dex +2) [potion of mutation]
  3124 | D:3      | Gained mutation: Potions and wands are less effective at restoring your health. [potion of mutation]
  3124 | D:3      | Gained mutation: You are dopey. (Int -2) [potion of mutation]
  3694 | D:4      | Gained mutation: You have hoof-like feet. [demonic ancestry]
  3694 | D:4      | Reached XP level 7. HP: 47/55 MP: 7/7
  4118 | D:5      | Entered Level 5 of the Dungeon
  4148 | D:5      | Found a shimmering altar of Xom.
  4148 | D:5      | Noticed Duvessa
  4150 | D:5      | Noticed Dowan
  4157 | D:5      | Killed Duvessa
  4157 | D:5      | Reached skill level 5 in Fighting
  4163 | D:5      | Killed Dowan
  4163 | D:5      | Reached ** piety under Trog
  4177 | D:5      | Found a staircase to the Ecumenical Temple.
  4504 | Temple   | Entered the Ecumenical Temple
  4558 | D:5      | Found a runed door.
  4558 | D:5      | Noticed a human
  4567 | D:5      | Found a basalt altar of Yredelemnul.
  4582 | D:5      | Killed a human
  4594 | D:5      | Reached XP level 8. HP: 31/63 MP: 8/8
  4833 | D:5      | Reached skill level 5 in Long Blades
  4866 | D:5      | Found a white marble altar of Elyvilon.
  4984 | D:5      | Reached skill level 1 in Stealth
  5370 | D:5      | Identified a scroll of acquirement
  5603 | D:6      | Reached skill level 6 in Fighting
  5603 | D:6      | Reached skill level 5 in Shields
  5665 | D:6      | Found a blossoming altar of Fedhas.
  5757 | D:6      | Found a blossoming altar of Fedhas.
  5762 | D:6      | Found a deep blue altar of Sif Muna.
  5854 | D:6      | Found a sparkling altar of Nemelex Xobeh.
  6076 | D:7      | Reached skill level 5 in Armour
  6114 | D:7      | Noticed Joseph
  6129 | D:7      | HP: 1/65 [Joseph/uncursed quarterstaff of draining (16)]
  6129 | D:7      | Slain by Joseph

Vault maps used:
D:1:      lightli_arrival_isolated_outpost, minmay_bisected
D:2:      lightli_temple_of_fire, grunt_pakellas_sulfur
D:3:      nicolae_overflow_crystal_walls, lexackson_kobold_supper, uniq_grinder
D:4:      first_bread
D:5:      elyvilon_altar_3, minmay_temple_entry_large_hall, basic_altar,
          dk_yredelemnul_ordeal, uniq_duvessa
D:6:      lemuel_doored_altar, lemuel_crystal_altar,
          lemuel_coloured_pillars_altar, fedhas_altar_1
D:7:      uniq_crazy_yiuf_cottage, uniq_joseph
Temple:   minmay_freezing_vapour_temple_12

Skill      XL: |  1  2  3  4  5  6  7  8 |
---------------+-------------------------+-----
Shields        | 3 4 5 |  5.2
Long Blades    | 2 3 4 5 |  5.7
Dodging        | 1 2 3 |  3.4
Fighting       | 4 5 6 |  6.3
Armour         | 3 4 5 |  5.0
Stealth        | 1 |  1.5

Action                   |  1- 3 |  4- 6 |  7- 9 || total
-------------------------+-------+-------+-------++-------
Melee: Long sword        |   123 |   211 |   180 ||   514
Invok: Burn Spellbooks   |       |       |     1 ||     1
  Use: Scroll            |     4 |     6 |     5 ||    15
       Potion            |     2 |     2 |       ||     4
  Eat: Bread ration      |     2 |     2 |       ||     4
       Pizza             |       |       |     1 ||     1
